 Dungeon Crawl Stone Soup version 0.20.0-10-g0535bb4 (webtiles) character file.

149 maniacrov the Magician (level 5, -1/28 HPs)
             Began as a Deep Elf Fire Elementalist on June 7, 2017.
             Slain by a rat (2 damage)
             ... in a sewer.
             The game lasted 00:15:30 (2069 turns).

maniacrov the Magician (Deep Elf Fire Elementalist) Turns: 2069, Time: 00:15:33

Health: -1/28      AC:  3    Str:  7    XL:     5   Next: 9%
Magic:  0/13       EV: 14    Int: 21    God:
Gold:   198        SH:  0    Dex: 15    Spells: 6/12 levels left

rFire    . . .     SeeInvis .   e - +0 hand axe (chop)
rCold    . . .     Gourm    .   (no shield)
rNeg     . . .     Faith    .   a - +0 robe
rPois    .         Spirit   .   (no helmet)
rElec    .         Reflect  .   (no cloak)
rCorr    .         Harm     .   (no gloves)
MR       .....                  j - +0 pair of boots
Stlth    ++........             (no amulet)
Regen    0.1/turn               (no ring)
MPRegen  0.2/turn               (no ring)

@: no status effects
A: strong 1
a: no special abilities


You were in a sewer.
You were not hungry.

You visited 1 branch of the dungeon, and saw 3 of its levels.
You also visited: Sewer.

You collected 198 gold pieces.

Inventory:

Hand Weapons
 d - a +0 short sword
 e - a +0 hand axe of chopping (weapon)
 k - a +0 dagger
Armour
 a - a +0 robe (worn)
 j - a +0 pair of boots (worn)
 l - a +0 pair of boots
Jewellery
 g - an uncursed ring of protection from magic {unknown}
Potions
 i - a potion of might
Books
 b - a book of Flames

   Spells                             Type                      Level
   a - Flame Tongue                   Conjuration/Fire             1
   b - Throw Flame                    Conjuration/Fire             2
   c - Conjure Flame                  Conjuration/Fire             3
   d - Inner Flame                    Hexes/Fire                   3
   e - Sticky Flame                   Conjuration/Fire             4
   f - Fireball                       Conjuration/Fire             5
Comestibles
 c - a bread ration
 f - 2 meat rations


   Skills:
 + Level 3.4 Dodging
 + Level 3.6 Stealth
 + Level 4.3 Spellcasting
 + Level 2.4 Conjurations
 + Level 4.1 Fire Magic


You had 6 spell levels left.
You knew the following spells:

 Your Spells              Type           Power        Failure   Level  Hunger
a - Flame Tongue          Conj/Fire      ###..        3%          1    None
b - Throw Flame           Conj/Fire      ###...       4%          2    #......
c - Inner Flame           Hex/Fire       ##......     14%         3    ##.....


Dungeon Overview and Level Annotations

Branches:
Dungeon (3/15)

Altars:


Innate Abilities, Weirdness & Mutations

Your muscles are strong. (Str +2)


Message History

Aiming: Flame Tongue
Press: ? - help, Shift-Dir - straight line, f/p - river rat
Aim: a river rat (heavily wounded)
The flame tongue misses the river rat.
The flame tongue hits the rat.
You kill the rat!
The rat closely misses you. The rat barely misses you. The river rat bites you.
* * * LOW HITPOINT WARNING * * *
Okay, then.
Okay, then.
Casting: Flame Tongue
Confirm with . or Enter, or press ? or * to list all spells.
You don't have enough magic to cast that spell.
You hit the river rat but do no damage.
The river rat is heavily wounded.
You hit the rat.
You kill the rat!
You closely miss the rat. The rat barely misses you. The river rat bites you.
* * * LOW HITPOINT WARNING * * *
The rat bites you.
You die...

. ###################
...#≈≈≈≈≈≈≈≈≈≈≈≈≈≈≈#.###
....≈≈≈≈≈...≈≈≈≈≈≈≈....##
...%≈≈†§≈...≈≈≈≈≈≈≈.....##
..†.≈≈≈≈§.[.≈≈≈≈≈≈≈......#
....≈≈≈≈≈r.r≈≈≈≈≈≈≈......#
##.#≈≈≈≈≈#@#≈≈≈≈≈≈≈......#
# ##################....#
####...## #..#....#
#..'....# #####...# ##.†.##
####################....#
###..≈≈≈≈≈≈.≈≈≈≈≈≈≈†......#


You could see a river rat and a rat.

Vanquished Creatures
  5 adders
  2 river rats (Sewer)
  An ooze (D:2)
  A worm (D:2)
  2 dart slugs
  2 leopard geckos (D:2)
  5 ball pythons
  4 bats
  4 giant cockroaches
  8 goblins
  A hobgoblin (D:2)
  11 kobolds
  7 frilled lizards
  35 rats
88 creatures vanquished.

Notes
Turn   | Place    | Note
-------+----------+-------------------------------------------
     0 | D:1      | maniacrov the Deep Elf Fire Elementalist began the quest for the Orb.
     0 | D:1      | Reached XP level 1. HP: 10/10 MP: 6/6
   175 | D:1      | Reached XP level 2. HP: 12/15 MP: 2/8
   335 | D:1      | Gained mutation: Your spells are a little easier to cast, but a little less powerful. [potion of mutation]
   335 | D:1      | Lost mutation: Your spells are a little easier to cast, but a little less powerful. [potion of mutation]
   335 | D:1      | Gained mutation: Your muscles are strong. (Str +2) [potion of mutation]
   851 | D:2      | Reached XP level 3. HP: 19/19 MP: 7/9
  1626 | D:3      | Reached XP level 4. HP: 22/24 MP: 8/11
  1684 | D:3      | Learned a level 2 spell: Throw Flame
  1688 | D:3      | Learned a level 3 spell: Inner Flame
  1712 | D:3      | Found a glowing drain.
  1724 | Sewer    | Entered a sewer
  2060 | Sewer    | Reached XP level 5. HP: 16/28 MP: 5/13
  2069 | Sewer    | HP: 1/28 [river rat (5)]
  2069 | Sewer    | Slain by a rat

Skill      XL: |  1  2  3  4 |
---------------+-------------+-----
Stealth        | 3 |  3.6
Dodging        | 3 |  3.4
Conjurations   | 2 |  2.4
Fire Magic     | 4 |  4.1
Spellcasting   | 4 |  4.3

Action                   |  1- 3 |  4- 6 || total
-------------------------+-------+-------++-------
Melee: Unarmed           |     6 |       ||     6
       Short sword       |    16 |       ||    16
       Hand axe          |       |    12 ||    12
 Cast: Flame Tongue      |    80 |    28 ||   108
       Throw Flame       |       |    12 ||    12
       Inner Flame       |       |     1 ||     1
  Use: Potion            |     5 |     4 ||     9
       Scroll            |     2 |     1 ||     3
  Eat: Meat ration       |     1 |       ||     1
Armor: Robe              |     9 |     9 ||    18
Dodge: Dodged            |    35 |    33 ||    68
